 Dungeon Crawl Stone Soup version 0.32-a0-918-g0f22ef8d61 (webtiles) character file.

Game seed: 1457377814244994958

305 ragingrage the Cutter (level 6, -4/47 HPs)
             Began as a Merfolk Monk on Apr 10, 2024.
             Slain by a gnoll
             ... wielding a +1 flail of protection
             ... led by a gnoll bouda
              (11 damage)
             ... on level 4 of the Dungeon.
             The game lasted 00:02:28 (2539 turns).

ragingrage the Cutter (Merfolk Monk)                Turns: 2539, Time: 00:02:29

Health: -4/47      AC:  3    Str: 14    XL:     6   Next: 39%
Magic:  6/6        EV: 13    Int:  9    God:
Gold:   222        SH:  5    Dex: 22    Spells: 5/5 levels left

rFire   . . .        a - +3 short sword (elec)
rCold   . . .        d - orb {light}
rNeg    . . .        x - +0 leather armour {Will+}
rPois   .            (no helmet)
rElec   .            (no cloak)
rCorr   .            (no gloves)
SInv    .            (no boots)
Will    +....        t - amulet of reflection
Stlth   +            r - +6 ring of dexterity
HPRegen 0.27/turn    (no ring)
MPRegen 0.10/turn

%: reflection
@: about to teleport, glowing
A: (nimble swimmer 2), mertail
a: no special abilities


You were on level 4 of the Dungeon.
You visited 1 branch of the dungeon, and saw 4 of its levels.

You collected 222 gold pieces.

Inventory:

Hand Weapons
 a - a +3 short sword of electrocution (weapon)
 b - a +2 short sword of venom
 j - the +5 rapier of Waumaah {protect, Str+3 Int+3}
   (You found it on level 2 of the Dungeon)

   Str+3:     It affects your strength (+3).
   Int+3:     It affects your intelligence (+3).
 l - a +0 spear
Armour
 d - an orb of light (worn)
 x - a +0 leather armour of willpower (worn)
Jewellery
 r - a +6 ring of dexterity (left hand)
 t - an amulet of reflection (around neck)
 w - a ring of ice
Wands
 m - a wand of digging (7)
 v - a wand of acid (5)
Scrolls
 g - a scroll of blinking
 s - a scroll of vulnerability {unknown}
Potions
 c - a potion of ambrosia
 e - 2 potions of degeneration {unknown}
 f - 2 potions of curing {unknown}
 h - a potion of brilliance {unknown}
 i - a potion of enlightenment {unknown}
 k - a potion of heal wounds {unknown}
 u - a potion of attraction {unknown}


   Skills:
 - Level 3.2 Fighting
 + Level 6.5 Short Blades
 - Level 5.5 Polearms
 - Level 4.0 Dodging


You had 5 spell levels left.
You didn't know any spells.
Your spell library contained the following spells:

 Spells                   Type           Power      Damage    Failure   Level
 Freeze                   Ice            0%         1d3       45%         1
 Frozen Ramparts          Ice            0%         1d1       83%         3
 Hailstorm                Conj/Ice       0%         3d5       83%         3


Dungeon Overview and Level Annotations

Branches:
Dungeon (4/15)
 Temple: D:4-7

Altars:
Fedhas
Okawaru


Innate Abilities, Weirdness & Mutations

((You are very nimble when in or above water. (Stealth+, EV+, Speed+++)))
Your lower body shifts to a powerful aquatic tail in water.


Message History

You feel your attacks grow feeble.
You hit the gnoll. The gnoll hits you with a +0 flail.
You hit the gnoll. The gnoll closely misses you.
You hit the gnoll.
Your attacks no longer feel as feeble.
You puncture the gnoll! The gnoll hits you with a +0 flail!
You hit the gnoll but do no damage. Lightning courses through the gnoll!
You kill the gnoll!
The gnoll bouda barks out a call to the hunt!
A phantom comes into view.
The gnoll closely misses you.
The gnoll bouda hits you with a +0 club!
You see here a +0 flail.
The gnoll hits you from afar with a +0 halberd.
The gnoll bouda gazes fiercely through you!
You feel your attacks grow feeble. The gnoll hits you but does no damage.
Okay, then.
Okay, then.
As you read the scroll labelled IHOSAU HYLAV, it dissolves into smoke.
It was a scroll of fog.
The gnoll misses you. The gnoll bouda misses you. The gnoll misses you.
As you read the scroll labelled YXZEIWAIGG, it crumbles to dust.
It is a scroll of enchant weapon.
Your +2 short sword of electrocution glows red for a moment.
The gnoll barely misses you. The gnoll bouda barely misses you.
The gnoll closely misses you.
As you read the scroll labelled KYASIUXZUMET, it crumbles to dust.
You feel strangely unstable.
It was a scroll of teleportation.
Your attacks no longer feel as feeble.
The gnoll closely misses you.
The gnoll bouda hits you with a +0 club.
The gnoll completely misses you.
The gnoll bouda attacks as it pursues you!
The gnoll bouda closely misses you. The gnoll attacks as it pursues you!
The gnoll hits you with a +1 flail of protection!
* * * LOW HITPOINT WARNING * * *
The gnoll hits you with a +1 flail of protection!
You die...

.. #.# # ..... .
#.#.# .# #.#.##.
..... ...# #†#.##
#g##§######## #.
#§ggg@§......
#..####§########
#....#.###########
#.............#
#....###########.#
#..##
#######.####.# #.
#..).........# ..
#.#####.###### .
#.# #.#


You could see a gnoll bouda and a gnoll (swift).

Vanquished Creatures
  Grinder (D:3)
  A gnoll (D:4)
  2 adders (D:3)
  10 orcs
  5 bats
  5 endoplasms
  2 giant cockroaches
  3 hobgoblins
  9 kobolds
  4 quokkas
  7 ball pythons
  A frilled lizard (D:1)
  6 goblins
  9 rats
65 creatures vanquished.

Notes
Turn   | Place    | Note
-------+----------+-------------------------------------------
     0 | D:1      | ragingrage the Merfolk Monk began the quest for the Orb.
     0 | D:1      | Reached XP level 1. HP: 18/18 MP: 1/1
   155 | D:1      | Reached XP level 2. HP: 24/24 MP: 2/2
   223 | D:1      | Reached skill level 5 in Polearms
   685 | D:1      | Reached XP level 3. HP: 29/29 MP: 3/3
  1299 | D:2      | Reached skill level 1 in Short Blades
  1398 | D:2      | Identified the +5 rapier of Waumaah {protect, Str+3 Int+3}
  1832 | D:3      | Found an iron altar of Okawaru.
  1875 | D:3      | Reached skill level 2 in Short Blades
  1926 | D:3      | Found a blossoming altar of Fedhas.
  2064 | D:3      | Reached XP level 4. HP: 35/35 MP: 4/4
  2073 | D:3      | Reached skill level 3 in Short Blades
  2274 | D:4      | Noticed Grinder
  2287 | D:3      | Killed Grinder
  2288 | D:3      | Reached skill level 6 in Short Blades
  2288 | D:3      | Reached XP level 5. HP: 37/41 MP: 5/5
  2288 | D:3      | Reached XP level 6. HP: 42/47 MP: 6/6
  2539 | D:4      | Slain by a gnoll

Illustrated notes

Levels and vault maps discovered:
D:1:      heliophobic_arrival_ceremonial_halls, layout_basic
D:2:      layout_loops_ring, serial_park_tiny_2, minmay_tetromino_i4
D:3:      layout_rooms, mainiacjoe_overflow_catwalk, fedhas_altar_1,
          nrook_campfire, minmay_misc_feat_columns, minivault_26
D:4:      layout_loops_ring, serial_undead, serial_undead_a, serial_undead_d,
          serial_undead_b, serial_undead_b, uniq_grinder, uniq_sigmund

Skill      XL: |  1  2  3  4 |
---------------+-------------+-----
Polearms       | 5 |  5.5
Short Blades   | 2 6 |  6.5
Fighting       | |  3.2
Dodging        | |  4.0

Action                     |  1- 3 |  4- 6 || total
---------------------------+-------+-------++-------
  Melee: Spear             |    75 |       ||    75
         Short sword       |    38 |    56 ||    94
    Use: Scroll            |     1 |     3 ||     4
 Armour: Robe              |    22 |       ||    22
         Ring mail         |    10 |     7 ||    17
         Leather armour    |       |    18 ||    18
  Dodge: Dodged            |    47 |    35 ||    82

Table legend: (Time is in decaauts)
 A = Elapsed time spent in this place.
 B = Non-inter-level travel time spent in this place.
 C = Inter-level travel time spent in this place.
 D = Time resting spent in this place.
 E = Time spent auto-exploring this place.
 F = Levels seen in this place.
 G = Mean time per level.
                   A        B        C        D        E       F      G
               +--------+--------+--------+--------+--------+-----+--------+
         Total |   2510 |   2392 |    118 |      7 |   1960 |   4 |  627.5 |
       Dungeon |   2510 |   2392 |    118 |      7 |   1960 |   4 |  627.5 |
               +--------+--------+--------+--------+--------+-----+--------+

Top non-repeatable levels by time:
     D:1: 986 daAuts
     D:2: 771 daAuts
     D:3: 512 daAuts
     D:4: 241 daAuts
